Map: [ESL] Ghost River

Players

Lambo

  • Race: Zerg Zerg
  • Spawn Location: 11:00

PtitDrogo - Winner!

  • Race: Protoss Protoss
  • Spawn Location: 1:00

Event: ESL SC2 Masters 2024 Spring (Regional)

VOD

Have the link to the VOD?

Description

Time

  • Played on: April 11, 2024, 11:04 a.m.
  • Length: 9:16

All games in this series

Show
View Real Time Build Order
Export as new Build Order

Lambo Zerg 

Build Orders: Hatch First 

Get SALT Encoding   

  12  0:00  Drone  
  13  0:12  Overlord  
  13  0:16  Drone  
  14  0:30  Drone x2  
  16  0:46  Hatchery  
  15  0:50  Drone  
  15  0:54  Drone  
  18  0:57  Drone  
  18  1:08  Extractor  
  17  1:12  Spawning Pool  
  17  1:15  Drone  
  17  1:18  Drone  
  18  1:27  Drone  
  19  1:38  Drone  
  20  1:49  Drone  
  21  1:58  Queen x2  
  21  1:59  Zergling x2, Overlord  
  26  2:08  Metabolic Boost  
  26  2:09  Zergling x2  
  26  2:10  Drone  
  28  2:20  Drone  
  28  2:21  Drone  
  30  2:31  Hatchery  
  30  2:33  Drone  
  30  2:39  Drone  
  30  2:42  Drone  
  30  2:43  Overlord  
  32  2:53  Queen  
  32  2:54  Zergling x2  
  32  2:55  Drone  
  36  3:06  Spore Crawler  
  36  3:09  Overlord, Queen  
  36  3:11  Drone x3  
  40  3:13  Drone  
  40  3:17  Overlord  
  41  3:22  Overlord  
  41  3:26  Zergling x2  
  42  3:29  Queen  
  42  3:31  Zergling x2  
  45  3:38  Drone  
  45  3:40  Drone x2  
  48  3:43  Zergling x2  
  48  3:44  Zergling x2, Drone  
  48  3:48  Spore Crawler  
  50  3:50  Queen  
  52  3:56  Drone x4  
  52  4:02  Queen  
  56  4:06  Drone x2  
  56  4:08  Overlord  
  60  4:11  Overlord  
  60  4:16  Overlord  
  58  4:24  Overlord  
  58  4:29  Drone x6  
  58  4:30  Drone  
  65  4:36  Roach Warren  
  64  4:40  Zergling x10  
  68  4:46  Evolution Chamber  
  69  4:53  Extractor  
  69  4:54  Zergling x4  
  69  4:56  Overlord  
  69  4:58  Overlord  
  69  4:59  Drone x3  
  73  5:02  Overlord  
  73  5:04  Overlord  
  73  5:10  Overlord x2  
  72  5:20  Drone x3  
  69  5:23  Drone  
  69  5:24  Lair  
  69  5:26  Roach x4  
  75  5:30  Roach x3, Extractor  
  80  5:37  Drone x3  
  80  5:39  Overlord  
  80  5:41  Drone x4  
  87  5:46  Roach x2  
  91  5:52  Drone x2  
  91  5:53  Spore Crawler  
  91  5:56  Drone x5  
  92  6:00  Drone  
  92  6:01  Queen  
  92  6:04  Ravager x2  
  96  6:08  Drone x5  
  96  6:11  Drone x3  
  103  6:15  Drone  
  102  6:18  Drone  
  102  6:19  Extractor  
  102  6:21  Zergling x2  
  102  6:22  Zergling x2  
  102  6:27  Queen x2  
  102  6:30  Extractor x2  
  104  6:33  Spire  
  104  6:35  Drone x3  
  104  6:36  Queen  
  104  6:38  Drone x3  
  111  6:42  Spore Crawler  
  111  6:43  Drone  
  111  6:44  Spore Crawler, Drone  
  111  6:45  Drone  
  105  6:49  Drone  
  105  6:51  Drone x2  
  106  6:55  Drone x3  
  106  6:57  Drone  
  106  6:59  Drone x3  
  110  7:03  Queen  
  110  7:14  Drone x3  
  113  7:16  Drone x2  
  113  7:17  Evolution Chamber  
  113  7:20  Overlord  
  113  7:22  Drone, Hatchery  
  114  7:34  Drone x5  
  114  7:36  Zergling x6  
  119  7:42  Glial Reconstitution  
  119  7:45  Corruptor  
  119  7:46  Corruptor x4  
  119  7:47  Overlord  
  129  7:53  Overlord  
  129  7:54  Corruptor x2  
  133  8:01  Corruptor  
  133  8:03  Zergling x16  
  141  8:06  Zergling x4  
  141  8:07  Ravager  
  141  8:12  Roach  
  145  8:15  Roach x2  
  142  8:20  Roach x3  
  142  8:21  Ravager  
  142  8:26  Roach x2  
  151  8:29  Roach  
  142  8:35  Zergling x8  
  142  8:38  Ravager  
  142  8:41  Roach x2  
  136  8:48  Roach x4  
  136  8:51  Roach  
  128  8:57  Roach x2  
Show
View Real Time Build Order
Export as new Build Order

PtitDrogo Protoss - Winner!

Build Orders: 1 Gate Expand 

Get SALT Encoding   

  12  0:00  Probe  
  13  0:12  Probe  
  14  0:18  Pylon  
  14  0:25  Probe (Chrono Boost)  
  15  0:37  Probe (Chrono Boost)  
  15  0:39  Gateway  
  16  0:46  Probe (Chrono Boost)  
  16  0:47  Assimilator  
  17  0:52  Probe  
  18  1:04  Probe  
  19  1:16  Probe  
  20  1:22  Nexus  
  20  1:32  Cybernetics Core  
  20  1:36  Probe  
  21  1:41  Assimilator  
  21  1:48  Probe  
  21  1:50  Pylon  
  22  2:00  Probe  
  23  2:06  Adept (Chrono Boost)  
  23  2:08  Warp Gate  
  23  2:12  Probe  
  26  2:24  Stargate, Probe (Chrono Boost)  
  27  2:30  Stalker  
  27  2:35  Probe (Chrono Boost)  
  31  2:42  Probe (Chrono Boost)  
  32  2:44  Probe (Chrono Boost)  
  32  2:49  Probe (Chrono Boost)  
  33  2:53  Probe  
  34  3:00  Probe  
  35  3:09  Probe  
  35  3:11  Void Ray (Chrono Boost)  
  35  3:12  Probe  
  41  3:14  Pylon  
  41  3:21  Probe  
  41  3:24  Probe  
  41  3:25  Gateway  
  43  3:33  Probe  
  44  3:37  Probe  
  44  3:39  Assimilator  
  44  3:40  Assimilator  
  45  3:45  Probe  
  45  3:48  Pylon  
  46  3:49  Probe  
  47  3:57  Probe  
  47  3:58  Fleet Beacon  
  47  4:01  Probe  
  49  4:03  Stargate  
  49  4:07  Adept  
  49  4:09  Probe  
  52  4:13  Probe  
  53  4:21  Probe, Adept  
  53  4:25  Probe  
  53  4:26  Pylon  
  54  4:33  Probe, Adept  
  54  4:37  Probe  
  58  4:42  Tempest (Chrono Boost)  
  58  4:44  Tempest (Chrono Boost)  
  58  4:45  Probe  
  58  4:49  Probe  
  58  4:51  Pylon  
  70  4:56  Pylon  
  70  5:03  Nexus  
  70  5:09  Probe  
  70  5:13  Zealot  
  73  5:15  Tempest (Chrono Boost)  
  73  5:21  Tempest (Chrono Boost)  
  78  5:22  Probe x2  
  85  5:33  Nexus  
  85  5:35  Shield Battery  
  85  5:37  Pylon  
  85  5:41  Probe  
  86  5:47  Twilight Council  
  86  5:49  Forge  
  86  5:55  Probe  
  87  5:57  Probe  
  87  6:02  Protoss Ground Weapons Level 1  
  88  6:06  Gateway  
  88  6:07  Probe  
  88  6:09  Probe  
  88  6:10  Gateway  
  90  6:14  Stalker x2  
  94  6:22  Blink (Chrono Boost)  
  94  6:29  Probe x2  
  94  6:30  Pylon  
  94  6:44  Probe x2  
  94  6:46  Stalker x2  
  100  6:47  Probe  
  100  6:48  Gateway  
  100  6:52  Gateway  
  101  6:56  Probe x2  
  101  6:59  Probe  
  104  7:04  Stalker x2  
  108  7:11  Gateway x2  
  108  7:14  Gateway x2  
  108  7:17  Pylon  
  108  7:19  Pylon  
  108  7:27  Stalker x2  
  108  7:28  Stalker x2  
  116  7:46  Stalker  
  116  7:48  Pylon  
  116  7:49  Pylon  
  118  7:54  Pylon, Stalker x5  
  128  8:04  Stalker  
  130  8:05  Stalker  
  130  8:08  Pylon  
  130  8:09  Pylon  
  132  8:15  Gateway  
  132  8:19  Stalker  
  132  8:20  Stalker x6  
  133  8:35  Stalker x3  
  130  8:46  Stalker x3  
  127  8:52  Stalker x4  
  131  9:04  Stalker x3  
Tags
 
Add a new tag
Caveats
  • Supply blocks, unpowered buildings, or Contaminate may cause inaccurate times.
  • Supply counts are checked every 10 seconds.